 Dungeon Crawl Stone Soup version 0.27-a0-54-g64bdb92e38 (webtiles) character file.

Game seed: 8045194024107369148

25 LufLufFighter the Changer (level 3, 0/27 HPs)
             Began as a Merfolk Transmuter on Jan 7, 2021.
             Succumbed to an adder's poison
             ... on level 2 of the Dungeon.
             The game lasted 00:02:18 (1793 turns).

LufLufFighter the Changer (Merfolk Transmuter)      Turns: 1793, Time: 00:02:19

Health: 0/27       AC:  2    Str: 11    XL:     3   Next: 6%
Magic:  0/6        EV: 13    Int: 12    God:
Gold:   24         SH:  0    Dex: 14    Spells: 0/6 levels left

rFire    . . .     SeeInvis .     - Unarmed
rCold    . . .     Faith    .   (no shield)
rNeg     . . .     Spirit   .   a - +0 robe
rPois    .         Reflect  .   (no helmet)
rElec    .         Harm     .   (no cloak)
rCorr    .         Rampage  .   (no gloves)
Will     .....                  (no boots)
Stlth    +.........             (no amulet)
HPRegen  0.09/turn              (no ring)
MPRegen  0.10/turn              (no ring)

@: mighty, lethally poisoned (0 -> -2), very slightly contaminated
A: change form in water, swift swim, stealthy swim
a: no special abilities


You were on level 2 of the Dungeon.
You visited 1 branch of the dungeon, and saw 2 of its levels.

You collected 24 gold pieces.

Inventory:

Armour
 a - a +0 robe (worn)
Jewellery
 g - an uncursed ring of resist corrosion {unknown}
Scrolls
 b - 2 scrolls of amnesia {unknown}
 c - a scroll of noise {unknown}
 d - a scroll of identify {unknown}
 h - a scroll of random uselessness {unknown}
Potions
 e - a potion of might
 f - a potion of curing {unknown}


   Skills:
 * Level 2.0 Fighting
 - Level 2.6 Dodging
 - Level 3.2 Unarmed Combat
 * Level 2.4 Spellcasting
 * Level 3.4 Transmutations
 * Level 0.1 Poison Magic


You couldn't memorise any spells.
You knew the following spells:

 Your Spells              Type           Power        Failure   Level
a - Beastly Appendage     Tmut           18%          6%          1
b - Wereblood             Tmut           9%           10%         2
c - Spider Form           Tmut/Pois      2%           36%         3

Your spell library contained the following spells:

 Spells                   Type           Power        Failure   Level
 Ice Form                 Ice/Tmut       5%           77%         4
 Blade Hands              Tmut           4%           87%         5


Dungeon Overview and Level Annotations

Branches:
Dungeon (2/15)

Altars:


Message History

You feel sick. The adder completely misses you.
You hit the adder.
The adder is heavily wounded.
The adder bites you but does no damage. The adder bites you.
* * * LOW HITPOINT WARNING * * *
You barely miss the adder.
The adder is heavily wounded.
The adder bites you but does no damage.
Unknown command.
Casting: Spider Form (extremely dangerous; 36% risk of failure)
Confirm with . or Enter, or press ? or * to list all spells.
The spell is extremely dangerous to cast (36% risk of failure)!
Continue anyway?
You miscast Spider Form.
You are very lightly contaminated with residual magic.
Nothing appears to happen.
The adder bites you.
* * * LOW HITPOINT WARNING * * *
Unknown command.
You barely miss the adder.
The adder is heavily wounded.
You die...

#..).# #........
#######....#####........
......'.)........#
#...###....#####.##
#...# ###### #..######
#...# #........ ....#
#...##### ..### #.#.#
..# #@#..# ..#
#######S##.#
.........#.#
.........#.. .........#
.# #######'## ###.#
#...# #.###


You could see an adder.

Vanquished Creatures
  2 dart slugs (D:1)
  2 bats
  2 hobgoblins
  A jackal (D:1)
  4 frilled lizards (D:1)
  4 goblins
  5 kobolds
  3 rats (D:1)
23 creatures vanquished.

Notes
Turn   | Place    | Note
-------+----------+-------------------------------------------
     0 | D:1      | LufLufFighter the Merfolk Transmuter began the quest for
                  | the Orb.
     0 | D:1      | Reached XP level 1. HP: 15/15 MP: 3/3
   881 | D:1      | Reached XP level 2. HP: 10/21 MP: 3/5
   884 | D:1      | Learned a level 2 spell: Wereblood
  1509 | D:1      | You fall into a shaft and drop 1 floor!
  1671 | D:2      | Reached XP level 3. HP: 24/27 MP: 4/6
  1675 | D:2      | Learned a level 3 spell: Spider Form
  1792 | D:2      | HP: 1/27 [adder (2)]
  1793 | D:2      | Succumbed to an adder's poison

Illustrated notes

Levels and vault maps discovered:
D:1:      lemuel_arrival_river_bridge, layout_loops_ring,
          kennysheep_another_room, minmay_indecisive_spiral
D:2:      layout_basic, chequers_ecumenical_altar_simple_redux

Skill      XL: |  1  2  3 |
---------------+----------+-----
Transmutations | 3 |  3.4
Fighting       | 2 |  2.0
Dodging        | |  2.6
Unarmed Combat | |  3.2
Spellcasting   | |  2.4
Poison Magic   | |  0.1

Action                   || total
-------------------------++-------
Melee: Unarmed           ||    74
       Headbutt          ||     3
       Punch             ||     2
 Cast: Beastly Appendage ||    16
       Spider Form       ||     1
  Use: Potion            ||     1
Armor: Robe              ||    10
Dodge: Dodged            ||    55

Table legend: (Time is in decaauts)
 A = Elapsed time spent in this place.
 B = Non-inter-level travel time spent in this place.
 C = Inter-level travel time spent in this place.
 D = Time resting spent in this place.
 E = Time spent auto-exploring this place.
 F = Levels seen in this place.
 G = Mean time per level.
                   A        B        C        D        E       F      G
               +--------+--------+--------+--------+--------+-----+--------+
         Total |   1785 |   1785 |      0 |    442 |   1014 |   2 |  892.5 |
       Dungeon |   1785 |   1785 |      0 |    442 |   1014 |   2 |  892.5 |
               +--------+--------+--------+--------+--------+-----+--------+

Top non-repeatable levels by time:
     D:1: 1047 daAuts
     D:2: 737 daAuts
